SAA
IRVING BLUE SOX @ WESTWOOD SIXSHOOTERS
05/09/2021
 
TOP OF THE 1ST
Irving Blue Sox batting - Pitching for Westwood Sixshooters : RHP Ismael Barrios
Pitching: RHP Ismael Barrios
Batting: SHB Curt Finley 0-0: Ball
1-0: Called Strike
1-1: SINGLE (Line Drive, 78S)
Batting: RHB Júlio López 0-0: Ball
1-0: Ball
2-0: Called Strike
2-1: Called Strike
2-2: Ball
3-2: Foul Ball, location: 2F
3-2: Fly out, F8 (Flyball, 8LS)
3-2: Fly out, F8 (Flyball, 8LS)
Batting: RHB Stan Barnes 0-0: Ball
1-0: Foul Ball, location: 2F
1-1: Ball
2-1: Swinging Strike
2-2: Ball
3-2: Foul Ball, location: 2F
3-2: Foul Ball, location: 2F
3-2: Grounds into double play, 5-4-3 (Groundball, 5)
Top of the 1st over - 0 run(s), 1 hit(s), 0 error(s), 0 left on base; Irving 0 - Westwood 0
BOTTOM OF THE 1ST
Westwood Sixshooters batting - Pitching for Irving Blue Sox : RHP Robbie Baxter
Pitching: RHP Robbie Baxter
Batting: RHB Jorge Morales 0-0: Ground out U3 (Groundball, 3L)
Batting: SHB Arnold Smith 0-0: Called Strike
0-1: Ball
1-1: Ground out 4-3 (Groundball, 34)
Batting: RHB Brandon Cooper 0-0: Called Strike
0-1: Called Strike
0-2: Ball
1-2: Ground out 1-3 (Groundball, 15)
Bottom of the 1st over - 0 run(s), 0 hit(s), 0 error(s), 0 left on base; Irving 0 - Westwood 0
TOP OF THE 2ND
Irving Blue Sox batting - Pitching for Westwood Sixshooters : RHP Ismael Barrios
Batting: RHB Dennis Newell 0-0: Ball
1-0: SOLO HOME RUN (Line Drive, 78XD), Distance : 426 ft
Batting: LHB Kyle James 0-0: Ball
1-0: Foul Ball, location: 2F
1-1: Ball
2-1: Foul Ball, location: 2F
2-2: Ball
3-2: Foul Ball, location: 2F
3-2: Base on Balls
Batting: RHB Pat Lugo 0-0: Ball
1-0: Ball
2-0: Ball
3-0: Base on Balls
Kyle James to second
Batting: RHB Jim Unknown 0-0: Called Strike
0-1: SINGLE (Groundball, 6M)
Kyle James to third
Pat Lugo to second
Runner from 3rd tries for Home, SAFE, throw made home
Pat Lugo to third
Jim Unknown to second
Batting: RHB Alfredo Chávez 0-0: Ball
1-0: SINGLE (Line Drive, 6M)
Pat Lugo scores
Jim Unknown to third
Batting: RHB Scotty Anderson 0-0: Ball
1-0: Foul Ball, location: 2F
1-1: SINGLE (Line Drive, 56D)
Jim Unknown scores
Alfredo Chávez to second
Batting: SHB Curt Finley 0-0: Foul Ball, location: 2F
0-1: Ball
1-1: Fly out, F8 (Flyball, 8LM)
Batting: RHB Júlio López 0-0: Grounds into double play, 6-4-3 (Groundball, 6)
Top of the 2nd over - 4 run(s), 4 hit(s), 0 error(s), 1 left on base; Irving 4 - Westwood 0
BOTTOM OF THE 2ND
Westwood Sixshooters batting - Pitching for Irving Blue Sox : RHP Robbie Baxter
Batting: LHB José Martínez 0-0: Ball
1-0: Swinging Strike
1-1: Swinging Strike
1-2: Fly out, F8 (Flyball, 8RS)
Batting: RHB Sergio Martínez 0-0: Called Strike
0-1: Ground out 4-3 (Groundball, 34)
Batting: RHB Manuel Becerra 0-0: Called Strike
0-1: Ball
1-1: Called Strike
1-2: SINGLE (Flyball, 8LS)
Batting: LHB Davis Mills 0-0: Ball
1-0: Called Strike
1-1: DOUBLE (Flyball, 89M)
Manuel Becerra to third
Runner from 3rd tries for Home, SAFE, no throw or cutoff
Batting: RHB Bob Howells 0-0: Foul Ball, location: 2F
0-1: Ball
1-1: Called Strike
1-2: Strikes out swinging
Bottom of the 2nd over - 1 run(s), 2 hit(s), 0 error(s), 1 left on base; Irving 4 - Westwood 1
TOP OF THE 3RD
Irving Blue Sox batting - Pitching for Westwood Sixshooters : RHP Ismael Barrios
Batting: RHB Stan Barnes 0-0: Fly out, F7 (Flyball, 78M)
Batting: RHB Dennis Newell 0-0: Called Strike
0-1: SINGLE (Groundball, 6M)
Batting: LHB Kyle James 0-0: Ball
1-0: Ball
Wild Pitch!
Dennis Newell to second
2-0: Called Strike
2-1: Called Strike
2-2: Ball
3-2: Ground out 1-3 (Groundball, 15)
Batting: RHB Pat Lugo 0-0: Called Strike
0-1: Called Strike
0-2: 2-RUN HOME RUN (Flyball, 7LD), Distance : 350 ft
Batting: RHB Jim Unknown 0-0: Called Strike
0-1: Ball
1-1: Foul Ball, location: 2F
1-2: Strikes out swinging
Top of the 3rd over - 2 run(s), 2 hit(s), 0 error(s), 0 left on base; Irving 6 - Westwood 1
BOTTOM OF THE 3RD
Westwood Sixshooters batting - Pitching for Irving Blue Sox : RHP Robbie Baxter
Batting: RHB Wes Shannon 0-0: Ball
1-0: Swinging Strike
1-1: Foul Ball, location: 2F
1-2: SINGLE (Groundball, 56D) (infield hit)
Batting: RHB Jorge Morales 0-0: Grounds into double play, 1-6-3 (Groundball, 15)
Batting: SHB Arnold Smith 0-0: Fly out, F9 (Line Drive, 89M)
Bottom of the 3rd over - 0 run(s), 1 hit(s), 0 error(s), 0 left on base; Irving 6 - Westwood 1
TOP OF THE 4TH
Irving Blue Sox batting - Pitching for Westwood Sixshooters : RHP Ismael Barrios
Pitching: RHP John Tanner
Batting: RHB Alfredo Chávez 0-0: Ball
1-0: Called Strike
1-1: Foul Ball, location: 2F
1-2: Foul Ball, location: 2F
1-2: Ground out 6-3 (Groundball, 6M)
Batting: RHB Scotty Anderson 0-0: Foul Ball, location: 2F
0-1: Reached on Error, E9 (Flyball, 9M)
Batting: SHB Curt Finley 0-0: Ball
1-0: Ball
2-0: Ball
3-0: Base on Balls
Scotty Anderson to second
Batting: RHB Júlio López 0-0: Ball
1-0: Ball
2-0: Ball
3-0: Called Strike
3-1: Grounds into double play, 6-4-3 (Groundball, 6)
Top of the 4th over - 0 run(s), 0 hit(s), 1 error(s), 1 left on base; Irving 6 - Westwood 1
BOTTOM OF THE 4TH
Westwood Sixshooters batting - Pitching for Irving Blue Sox : RHP Robbie Baxter
Batting: RHB Brandon Cooper 0-0: Foul Ball, location: 2F
0-1: Foul Ball, location: 2F
0-2: Ball
1-2: Foul Ball, location: 2F
1-2: Foul Ball, location: 2F
1-2: Fly out, F8 (Line Drive, 8RM)
Batting: LHB José Martínez 0-0: Ball
1-0: Ground out 1-3 (Groundball, 15)
Batting: RHB Sergio Martínez 0-0: SINGLE (Flyball, 4MD)
Batting: RHB Manuel Becerra 0-0: Called Strike
0-1: Called Strike
0-2: Foul Ball, location: 2F
0-2: Ball
Sergio Martínez steals 2nd base
1-2: Strikes out swinging
Bottom of the 4th over - 0 run(s), 1 hit(s), 0 error(s), 1 left on base; Irving 6 - Westwood 1
TOP OF THE 5TH
Irving Blue Sox batting - Pitching for Westwood Sixshooters : RHP John Tanner
Batting: RHB Stan Barnes 0-0: Ground out 6-3 (Groundball, 6M)
Batting: RHB Dennis Newell 0-0: Ball
1-0: Called Strike
1-1: Ball
2-1: Called Strike
2-2: Ball
3-2: Base on Balls
Batting: LHB Kyle James 0-0: Ball
1-0: Ball
Wild Pitch!
Dennis Newell to second
2-0: SINGLE (Flyball, 7S)
Dennis Newell to third
Batting: RHB Pat Lugo 0-0: Ball
1-0: Ball
2-0: Foul Ball, location: 2F
2-1: Called Strike
2-2: SINGLE (Line Drive, 56)
Dennis Newell scores
Kyle James to second
Batting: RHB Jim Unknown 0-0: Swinging Strike
0-1: Foul Ball, location: 2F
0-2: Strikes out swinging
Batting: RHB Alfredo Chávez 0-0: Foul Ball, location: 2F
0-1: Foul Ball, location: 2F
0-2: Foul Ball, location: 2F
0-2: Ball
1-2: Ball
2-2: Strikes out swinging
Top of the 5th over - 1 run(s), 2 hit(s), 0 error(s), 2 left on base; Irving 7 - Westwood 1
BOTTOM OF THE 5TH
Westwood Sixshooters batting - Pitching for Irving Blue Sox : RHP Robbie Baxter
Batting: LHB Davis Mills 0-0: Swinging Strike
0-1: Ball
1-1: Called Strike
1-2: Ball
2-2: Fly out, F8 (Line Drive, 8RM)
Batting: RHB Bob Howells 0-0: Ball
1-0: Ball
2-0: Ball
3-0: Base on Balls
Batting: RHB Wes Shannon 0-0: Ball
1-0: Called Strike
1-1: 2-RUN HOME RUN (Flyball, 8LXD), Distance : 422 ft
Batting: RHB Jorge Morales 0-0: Foul Ball, location: 2F
0-1: DOUBLE (Line Drive, 9LM)
Batting: SHB Arnold Smith 0-0: Ball
1-0: Ball
2-0: Foul Ball, location: 2F
2-1: Swinging Strike
2-2: Ball
3-2: Fly out, F4 (Popup, 3L)
Pitching: RHP Jim Meyer
Batting: RHB Brandon Cooper 0-0: Called Strike
0-1: Fly out, F7 (Flyball, 8LM)
Bottom of the 5th over - 2 run(s), 2 hit(s), 0 error(s), 1 left on base; Irving 7 - Westwood 3
TOP OF THE 6TH
Irving Blue Sox batting - Pitching for Westwood Sixshooters : RHP John Tanner
Batting: RHB Scotty Anderson 0-0: SINGLE (Flyball, 5D)
Batting: SHB Curt Finley 0-0: Bunted foul
0-1: Sac Bunt - play at second, runner OUT! 5-6
Batting: RHB Júlio López 0-0: Ball
1-0: Fly out, F3 (Popup, 3SF)
Batting: RHB Stan Barnes 0-0: Called Strike
0-1: Ball
1-1: Ball
2-1: Called Strike
2-2: Foul Ball, location: 2F
2-2: Fly out, F9 (Line Drive, 9M)
Top of the 6th over - 0 run(s), 1 hit(s), 0 error(s), 1 left on base; Irving 7 - Westwood 3
BOTTOM OF THE 6TH
Westwood Sixshooters batting - Pitching for Irving Blue Sox : RHP Jim Meyer
Batting: LHB José Martínez 0-0: Called Strike
0-1: Called Strike
0-2: Ball
1-2: SINGLE (Line Drive, 78S)
Batting: RHB Sergio Martínez 0-0: Swinging Strike
0-1: Ball
1-1: Called Strike
1-2: Ball
2-2: Ball
3-2: Grounds into double play, U6-3 (Groundball, 6M)
Batting: RHB Manuel Becerra 0-0: Hit by Pitch
Batting: LHB Davis Mills 0-0: Ball
1-0: Called Strike
Manuel Becerra is caught stealing 2nd base
Bottom of the 6th over - 0 run(s), 1 hit(s), 0 error(s), 0 left on base; Irving 7 - Westwood 3
TOP OF THE 7TH
Irving Blue Sox batting - Pitching for Westwood Sixshooters : RHP John Tanner
Batting: RHB Dennis Newell 0-0: Foul Ball, location: 2F
0-1: Foul Ball, location: 2F
0-2: Foul Ball, location: 2F
0-2: Ground out 4-3 (Groundball, 13)
Pitching: RHP Paul Abbott
Batting: LHB Kyle James 0-0: Called Strike
0-1: Ball
1-1: Swinging Strike
1-2: Foul Ball, location: 2F
1-2: Strikes out looking
Batting: RHB Pat Lugo 0-0: Foul Ball, location: 2F
0-1: Ball
1-1: Called Strike
1-2: Ground out 5-3 (Groundball, 5)
Top of the 7th over - 0 run(s), 0 hit(s), 0 error(s), 0 left on base; Irving 7 - Westwood 3
BOTTOM OF THE 7TH
Westwood Sixshooters batting - Pitching for Irving Blue Sox : RHP Jim Meyer
Batting: LHB Davis Mills 0-0: Ball
1-0: Ball
2-0: SINGLE (Line Drive, 7LS)
Batting: RHB Bob Howells 0-0: Ball
1-0: Ball
2-0: Foul Ball, location: 2F
2-1: Foul Ball, location: 2F
2-2: Strikes out swinging
Batting: RHB Wes Shannon 0-0: Fly out, F6 (Popup, 56)
Batting: RHB Jorge Morales 0-0: Ball
1-0: Ground out 4-3 (Groundball, 4)
Bottom of the 7th over - 0 run(s), 1 hit(s), 0 error(s), 1 left on base; Irving 7 - Westwood 3
TOP OF THE 8TH
Irving Blue Sox batting - Pitching for Westwood Sixshooters : RHP Paul Abbott
Batting: RHB Jim Unknown 0-0: Ball
1-0: Ball
2-0: Ball
3-0: Base on Balls
Batting: RHB Alfredo Chávez 0-0: Ball
1-0: Ball
2-0: Sac Bunt - play at first, batter OUT! 1-4
Jim Unknown to second
Batting: RHB Scotty Anderson 0-0: Intentional Walk
Batting: SHB Curt Finley 0-0: Ball
1-0: Ball
2-0: Ball
3-0: Base on Balls
Jim Unknown to third
Scotty Anderson to second
Batting: RHB Júlio López 0-0: Called Strike
0-1: Ball
1-1: DOUBLE (Line Drive, 9LM)
Jim Unknown scores
Scotty Anderson scores
Curt Finley to third
Batting: RHB Stan Barnes 0-0: Swinging Strike
0-1: Ball
1-1: Foul Ball, location: 2F
1-2: Ball
2-2: Ball
3-2: Base on Balls
Batting: RHB Dennis Newell 0-0: Ball
1-0: Ball
2-0: Swinging Strike
2-1: Fielders Choice at 2nd, 5-4 (Groundball, 5)
Curt Finley scores
Júlio López to third
Batting: LHB Kyle James
Pinch Hitting: RHB Stewart Ralston 0-0: Called Strike
0-1: Ball
1-1: Ball
2-1: SINGLE (Flyball, 8LS)
Júlio López scores
Dennis Newell to second
Runner from 2nd tries for 3rd, SAFE, throw made to third
Stewart Ralston to second
Pitching: LHP Jeremy Vance
Batting: RHB Pat Lugo 0-0: Ball
1-0: Ball
2-0: Ball
3-0: Called Strike
3-1: Swinging Strike
3-2: 3-RUN HOME RUN (Flyball, 7LD), Distance : 360 ft
Batting: RHB Jim Unknown 0-0: Fly out, F7 (Flyball, 7M)
Top of the 8th over - 7 run(s), 3 hit(s), 0 error(s), 0 left on base; Irving 14 - Westwood 3
BOTTOM OF THE 8TH
Westwood Sixshooters batting - Pitching for Irving Blue Sox : RHP Jim Meyer
Now in CF: Stewart Ralston
Batting: SHB Arnold Smith 0-0: Foul Ball, location: 2F
0-1: Ball
1-1: Swinging Strike
1-2: Fly out, F8 (Flyball, 8RM)
Batting: RHB Brandon Cooper 0-0: Ground out 1-3 (Groundball, 15)
Batting: LHB José Martínez 0-0: Ball
1-0: Swinging Strike
1-1: Fly out, F6 (Popup, 6)
Bottom of the 8th over - 0 run(s), 0 hit(s), 0 error(s), 0 left on base; Irving 14 - Westwood 3
TOP OF THE 9TH
Irving Blue Sox batting - Pitching for Westwood Sixshooters : LHP Jeremy Vance
Pinch Hitting: RHB Will Hunter 0-0: Called Strike
0-1: Foul Ball, location: 2F
0-2: Fly out, F7 (Flyball, 7M)
Batting: RHB Scotty Anderson 0-0: Ball
1-0: SINGLE (Groundball, 56D)
Batting: SHB Curt Finley 0-0: Called Strike
0-1: Hit by Pitch
Scotty Anderson to second
Batting: RHB Júlio López 0-0: Called Strike
0-1: Ball
1-1: Swinging Strike
1-2: Strikes out swinging
Batting: RHB Stan Barnes 0-0: Foul Ball, location: 2F
0-1: Ball
1-1: Hit by Pitch
Scotty Anderson to third
Curt Finley to second
Batting: RHB Dennis Newell 0-0: Foul Ball, location: 2F
0-1: Fly out, F4 (Popup, 4M)
Top of the 9th over - 0 run(s), 1 hit(s), 0 error(s), 3 left on base; Irving 14 - Westwood 3
BOTTOM OF THE 9TH
Westwood Sixshooters batting - Pitching for Irving Blue Sox : RHP Jim Meyer
Now in LF: Ramón Rivera
Batting: RHB Sergio Martínez 0-0: Ball
1-0: Foul Ball, location: 2F
1-1: Fly out, F7 (Popup, 56D)
Batting: RHB Manuel Becerra 0-0: Swinging Strike
0-1: Ball
1-1: Foul Ball, location: 2F
1-2: Ball
2-2: Ball
3-2: Ground out 5-3 (Groundball, 5L)
Batting: LHB Davis Mills 0-0: Called Strike
0-1: Ball
1-1: Foul Ball, location: 2F
1-2: Fly out, F8 (Flyball, 8LM)
Bottom of the 9th over - 0 run(s), 0 hit(s), 0 error(s), 0 left on base; Irving 14 - Westwood 3
This league is powered by Out of the Park Baseball, the baseball management simulation game for PC, Mac and Linux
Friday, January 22nd, 2016 - OOTP Baseball 16.9 Build 39